 Dungeon Crawl Stone Soup version 0.22-a0-614-g34fbaa0 (webtiles) character file.

3285 CougarLife the Blocker (level 10, -4/80 HPs)
             Began as a Gnoll Fighter on July 20, 2018.
             Was an Elder of Okawaru.
             Slain by an orc warrior
             ... wielding a +0 trident
              (14 damage)
             ... on level 8 of the Dungeon.
             The game lasted 00:09:12 (6949 turns).

CougarLife the Blocker (Gnoll Fighter)              Turns: 6949, Time: 00:09:13

Health: -4/80      AC: 15    Str: 25    XL:     10   Next: 1%
Magic:  16/17      EV:  8    Int: 10    God:    Okawaru [****..]
Gold:   483        SH: 12    Dex: 15    Spells: 18/18 levels left

rFire    . . .     SeeInvis .   a - +0 war axe
rCold    . . .     Gourm    .   c - +0 shield
rNeg     . . .     Faith    .   L - +0 plate armour
rPois    .         Spirit   .   (no helmet)
rElec    .         Reflect  .   j - +0 cloak
rCorr    .         Harm     .   (no gloves)
MR       +....                  (no boots)
Stlth    ..........             (no amulet)
HPRegen  0.23/turn              h - ring of protection from magic
MPRegen  0.15/turn              F - +3 ring of strength

@: no status effects
A: distributed training, fangs 1, strong nose
a: Heroism, Renounce Religion


You were on level 8 of the Dungeon.
You worshipped Okawaru.
Okawaru was greatly pleased with you.
You were hungry.

You visited 2 branches of the dungeon, and saw 9 of its levels.

You collected 483 gold pieces.

Inventory:

Hand Weapons
 a - a +0 war axe (weapon)
Missiles
 z - 2 throwing nets (quivered)
Armour
 c - a +0 shield (worn)
 j - a +0 cloak (worn)
 L - a +0 plate armour (worn)
Jewellery
 h - a ring of protection from magic (left hand)
 r - an uncursed ring of resist corrosion
 F - a +3 ring of strength (right hand)
Wands
 A - a wand of digging (15)
 E - a wand of random effects (10)
Scrolls
 d - 2 scrolls of enchant armour {unknown}
 e - a scroll of random uselessness {unknown}
 g - 3 scrolls of fear
 i - 8 scrolls of remove curse
 l - 4 scrolls of amnesia
 n - 4 scrolls of magic mapping
 o - 4 scrolls of identify
 p - 3 scrolls of immolation
 q - a scroll of blinking {unknown}
 s - 3 scrolls of fog {unknown}
 w - a scroll of noise {unknown}
 y - 3 scrolls of teleportation {unknown}
 D - a scroll of enchant weapon {unknown}
 I - a scroll of silence {unknown}
Potions
 k - 3 potions of invisibility
 m - 3 potions of haste
 t - a potion of magic {unknown}
 u - 4 potions of lignification {unknown}
 v - 2 potions of agility
 x - 4 potions of curing {unknown}
 B - 2 potions of ambrosia {unknown}
 C - 2 potions of degeneration {unknown}
 G - a potion of cancellation {unknown}
 H - a potion of heal wounds {unknown}
 K - a potion of mutation {unknown}
Comestibles
 f - 10 rations


   Skills:
 + Level 8.1 Fighting
 + Level 4.7 Short Blades
 + Level 4.7 Long Blades
 + Level 6.6 Axes
 + Level 4.7 Maces & Flails
 + Level 4.7 Polearms
 + Level 4.7 Staves
 + Level 4.7 Slings
 + Level 4.7 Bows
 + Level 4.7 Crossbows
 + Level 4.7 Throwing
 + Level 8.1 Armour
 + Level 4.7 Dodging
 + Level 4.7 Stealth
 + Level 8.1 Shields
 + Level 4.7 Unarmed Combat
 + Level 4.7 Spellcasting
 + Level 3.9 Conjurations
 + Level 3.9 Hexes
 + Level 3.9 Charms
 + Level 3.9 Summonings
 + Level 3.9 Necromancy
 + Level 3.9 Translocations
 + Level 3.9 Transmutations
 + Level 3.9 Fire Magic
 + Level 3.9 Ice Magic
 + Level 3.9 Air Magic
 + Level 3.9 Earth Magic
 + Level 3.9 Poison Magic
 + Level 5.2 Invocations
 + Level 4.7 Evocations


You had 18 spell levels left.
You didn't know any spells.
Your spell library contained the following spells:

 Spells                   Type           Power        Failure   Level  Hunger
 Cause Fear               Hex            ##........   100%        4    #####..
 Lightning Bolt           Conj/Air       ##........   100%        5    ######.
 Slow                     Hex            ##......     90%         2    ##.....
 Shock                    Conj/Air       ##..         80%         1    #......
 Swiftness                Chrm/Air       ##......     90%         2    ##.....
 Airstrike                Air            ##........   100%        4    #####..
 Static Discharge         Conj/Air       ##......     99%         3    ###....
 Corona                   Hex            ##.....      80%         1    #......
 Portal Projectile        Hex/Tloc       ##....       99%         3    ###....
 Leda's Liquefaction      Hex/Erth       ##........   100%        4    #####..
 Inner Flame              Hex/Fire       ##......     99%         3    ###....


Dungeon Overview and Level Annotations

Branches:
Dungeon (8/15)             Temple (1/1) D:5
   Lair: D:8-11

Altars:
Ashenzari
Cheibriados
Dithmenos
Elyvilon
Fedhas
Gozag
Hepliaklqana
Kikubaaqudgha
Makhleb
Nemelex Xobeh
Okawaru
Qazlal
Ru
Sif Muna
Trog
Uskayaw
Vehumet
Wu Jian
Xom
Zin
The Shining One

Shops:
D:7 =


Innate Abilities, Weirdness & Mutations

Your experience applies equally to all skills.
You have very sharp teeth.
Your uncanny sense of smell can sniff out nearby items.


Message History

You hit the orc warrior but do no damage.
The orc warrior hits you with a trident.
The ice beast hits you but does no damage.
You block the orc priest's attack. The orc warrior barely misses you.
Unknown command.
You slash the orc priest!
The orc priest is severely wounded.
Your shield and plate armour prevent you from hitting the orc warrior.
You completely miss the ice beast. The ice beast hits you.
The ice beast freezes you!
* * * LOW HITPOINT WARNING * * *
The orc warrior hits you with a trident.
* * * LOW HITPOINT WARNING * * *
Your plate armour prevents you from hitting the orc.
You barely miss the ice beast. You closely miss the orc warrior.
You hit the orc priest. You block the orc priest's attack.
The ice beast closely misses you. The orc hits you.
* * * LOW HITPOINT WARNING * * *
The orc warrior hits you with a trident!
You die...

.####.... ....
...#....##.#.
.......#....
..........# ∆
#......#.#####
#......<.....
.###...)# .o..##
........###oY..##..
####.....)o@oa.....
###..#######....
##### #####........
. #...##
#.......#####
.....###.#####...#
..>......# ##..#
......#### #...
......# ### .....##


You could see an orc warrior, an ice beast, a worker ant, an orc priest and 2
orcs.

Vanquished Creatures
  Pikel (D:7)
  The ghost of Dmuffinman the Slasher, a novice DsGl of Ashenzari (D:5)
  Sigmund (D:3)
  A hungry ghost (D:7)
  An orc warrior (D:7)
  A water moccasin (D:4)
  3 black bears
  A phantom (D:4)
  2 centaurs
  The ghost of WiseOSalty the Insei, an amateur OpTm (D:3)
  4 bullfrogs
  2 scorpions
  2 howler monkeys (D:4)
  7 hounds
  4 orc priests
  4 orc wizards
  2 iguanas (D:7)
  8 worker ants
  A centaur skeleton (D:6)
  A hound zombie (D:7)
  2 worker ant zombies
  6 adders
  2 oozes
  2 adder skeletons (D:4)
  3 worms
  3 dart slugs
  3 leopard geckos
  27 orcs
  3 ball pythons (D:3)
  8 bats
  8 giant cockroaches
  6 goblins
  6 hobgoblins
  7 jackals (D:3)
  9 kobolds
  2 quokkas
  6 frilled lizards
  2 jackal skeletons
  7 rats
160 creatures vanquished.

Vanquished Creatures (others)
  A wizard (D:3)
1 creature vanquished.

Grand Total: 161 creatures vanquished

Notes
Turn   | Place    | Note
-------+----------+-------------------------------------------
     0 | D:1      | CougarLife the Gnoll Fighter began the quest for the Orb.
     0 | D:1      | Reached XP level 1. HP: 23/23 MP: 1/1
   132 | D:1      | Reached XP level 2. HP: 29/29 MP: 2/2
   596 | D:1      | Reached XP level 3. HP: 34/35 MP: 3/3
  1035 | D:2      | Found an ancient bone altar of Kikubaaqudgha.
  1063 | D:2      | Reached skill level 1 in Invocations
  1218 | D:2      | Found an ancient bone altar of Kikubaaqudgha.
  1478 | D:3      | Reached skill level 1 in Short Blades
  1478 | D:3      | Reached skill level 1 in Long Blades
  1478 | D:3      | Reached skill level 1 in Maces & Flails
  1478 | D:3      | Reached skill level 1 in Polearms
  1478 | D:3      | Reached skill level 1 in Staves
  1478 | D:3      | Reached skill level 1 in Slings
  1478 | D:3      | Reached skill level 1 in Bows
  1478 | D:3      | Reached skill level 1 in Crossbows
  1478 | D:3      | Reached skill level 1 in Throwing
  1478 | D:3      | Reached skill level 1 in Dodging
  1478 | D:3      | Reached skill level 1 in Stealth
  1478 | D:3      | Reached skill level 1 in Unarmed Combat
  1478 | D:3      | Reached skill level 1 in Spellcasting
  1478 | D:3      | Reached skill level 1 in Evocations
  1522 | D:3      | Found a shadowy altar of Dithmenos.
  1531 | D:3      | Reached XP level 4. HP: 41/41 MP: 5/5
  1609 | D:3      | Found an iron altar of Okawaru.
  1657 | D:3      | Became a worshipper of Warmaster Okawaru
  1682 | D:3      | Noticed Sigmund
  1690 | D:3      | Killed Sigmund
  1690 | D:3      | Reached skill level 1 in Conjurations
  1690 | D:3      | Reached skill level 1 in Hexes
  1690 | D:3      | Reached skill level 1 in Charms
  1690 | D:3      | Reached skill level 1 in Summonings
  1690 | D:3      | Reached skill level 1 in Necromancy
  1690 | D:3      | Reached skill level 1 in Translocations
  1690 | D:3      | Reached skill level 1 in Transmutations
  1690 | D:3      | Reached skill level 1 in Fire Magic
  1690 | D:3      | Reached skill level 1 in Ice Magic
  1690 | D:3      | Reached skill level 1 in Air Magic
  1690 | D:3      | Reached skill level 1 in Earth Magic
  1690 | D:3      | Reached skill level 1 in Poison Magic
  1690 | D:3      | Reached XP level 5. HP: 47/47 MP: 5/7
  1690 | D:3      | Reached XP level 6. HP: 53/53 MP: 5/8
  1701 | D:3      | Reached * piety under Okawaru
  1918 | D:3      | Found a bloodstained altar of Trog.
  1921 | D:3      | Noticed a wizard
  1927 | D:3      | Killed a wizard
  2012 | D:3      | Found a runed door.
  2025 | D:3      | Noticed WiseOSalty's ghost (amateur OpTm)
  2219 | D:3      | Killed WiseOSalty's ghost
  2219 | D:3      | Reached skill level 5 in Axes
  2424 | D:4      | Noticed a phantom
  2443 | D:4      | Killed a phantom
  2443 | D:4      | Reached XP level 7. HP: 55/59 MP: 8/10
  3409 | D:4      | Reached XP level 8. HP: 66/67 MP: 12/12
  3416 | D:4      | Reached ** piety under Okawaru
  3571 | D:5      | Entered Level 5 of the Dungeon
  3718 | D:5      | Found a runed gate.
  3719 | D:5      | Found a runed gate.
  3721 | D:5      | Found a runed gate.
  3723 | D:5      | Noticed Dmuffinman's ghost (novice DsGl)
  3759 | D:5      | Found a staircase to the Ecumenical Temple.
  3904 | Temple   | Entered the Ecumenical Temple
  4560 | D:5      | Found a stormy altar of Qazlal.
  4671 | D:5      | Killed Dmuffinman's ghost
  4671 | D:5      | Reached *** piety under Okawaru
  5417 | D:6      | Reached XP level 9. HP: 58/72 MP: 14/14
  5760 | D:7      | Found Pegab's Jewellery Shop.
  5965 | D:7      | Received a gift from Okawaru
  6424 | D:7      | Found a sacrificial altar of Ru.
  6429 | D:7      | Found a glowing silver altar of Zin.
  6429 | D:7      | Found an ornate altar of the Wu Jian Council.
  6439 | D:7      | Found a deep blue altar of Sif Muna.
  6442 | D:7      | Found a shattered altar of Ashenzari.
  6537 | D:7      | Noticed Pikel
  6559 | D:7      | Killed Pikel
  6921 | D:8      | Reached skill level 5 in Invocations
  6944 | D:8      | Reached **** piety under Okawaru
  6944 | D:8      | Reached XP level 10. HP: 47/80 MP: 15/17
  6949 | D:8      | Slain by an orc warrior

Vault maps used:
D:1:      minmay_arrival_loop
D:2:      kiku_gazebo_pond_becter, serial_curves, eino_curves_04,
          eino_curves_03, minmay_hexomino_r4
D:3:      old_standard_altar, overflow_temple_1_default,
          ebering_ghost_reflecting_pool, minmay_fountain_box,
          minmay_statues_item, trog_wizard, uniq_sigmund
D:4:      eino_small_chamber_without_monster, minmay_divided_ellipse
D:5:      lemuel_coloured_pillars_altar, temple_statues,
          gammafunk_ghost_necromancy, first_ration, hangedman_decor_opposing
D:6:      cheibrodos_iron_armory, minmay_misc_feat_room,
          kennysheep_generic_room_2
D:7:      minmay_overflow_temple_star_hex, serial_shops, nicolae_shop_trees,
          uniq_pikel
D:8:      lair_entry_dummy, special_room, uniq_grum
Temple:   nicolae_temple_hex_pool

Skill      XL: |  1  2  3  4  5  6  7  8  9 |
---------------+----------------------------+-----
Invocations    | 1 2 3 4 5 |  5.2
Short Blades   | 1 2 3 4 |  4.7
Long Blades    | 1 2 3 4 |  4.7
Maces & Flails | 1 2 3 4 |  4.7
Polearms       | 1 2 3 4 |  4.7
Staves         | 1 2 3 4 |  4.7
Slings         | 1 2 3 4 |  4.7
Bows           | 1 2 3 4 |  4.7
Crossbows      | 1 2 3 4 |  4.7
Throwing       | 1 2 3 4 |  4.7
Dodging        | 1 2 3 4 |  4.7
Stealth        | 1 2 3 4 |  4.7
Unarmed Combat | 1 2 3 4 |  4.7
Spellcasting   | 1 2 3 4 |  4.7
Evocations     | 1 2 3 4 |  4.7
Conjurations   | 1 2 3 |  3.9
Hexes          | 1 2 3 |  3.9
Charms         | 1 2 3 |  3.9
Summonings     | 1 2 3 |  3.9
Necromancy     | 1 2 3 |  3.9
Translocations | 1 2 3 |  3.9
Transmutations | 1 2 3 |  3.9
Fire Magic     | 1 2 3 |  3.9
Ice Magic      | 1 2 3 |  3.9
Air Magic      | 1 2 3 |  3.9
Earth Magic    | 1 2 3 |  3.9
Poison Magic   | 1 2 3 |  3.9
Axes           | 5 6 |  6.6
Fighting       | 7 8 |  8.1
Armour         | 7 8 |  8.1
Shields        | 7 8 |  8.1

Action                   |  1- 3 |  4- 6 |  7- 9 | 10-12 || total
-------------------------+-------+-------+-------+-------++-------
Melee: War axe           |   139 |    82 |   370 |     5 ||   596
       Bite              |    13 |     7 |    57 |       ||    77
Invok: Heroism           |       |     2 |     5 |       ||     7
  Use: Potion            |       |     1 |     1 |       ||     2
       Scroll            |       |       |     9 |       ||     9
  Eat: Chunk             |     2 |     3 |    14 |       ||    19
       Ration            |       |       |     1 |       ||     1
Armor: Scale mail        |    68 |    23 |    95 |       ||   186
       Plate armour      |       |       |    28 |     1 ||    29
Dodge: Dodged            |    52 |    31 |   139 |     5 ||   227
Block: Shield            |    83 |    50 |   260 |     6 ||   399

Table legend:
 A = Spawn XP
 B = Non-spawn XP
 C = Spawn XP percentage of total XP
 D = Spawn monster count
 E = Non-spawn monster count
 F = Spawn count percentage of total count
 G = Total turns spent on level
                    A         B        C        D         E        F      G
               +---------+---------+-------+---------+---------+-------+---------
         Total |       0 |    4694 |   0.0 |       0 |     160 |   0.0 |  6949
               +---------+---------+-------+---------+---------+-------+---------
           D:1 |       0 |      41 |   0.0 |       0 |      23 |   0.0 |   857
           D:2 |       0 |      32 |   0.0 |       0 |      12 |   0.0 |   591
           D:3 |       0 |     452 |   0.0 |       0 |      35 |   0.0 |   823
           D:4 |       0 |     809 |   0.0 |       0 |      24 |   0.0 |  1300
           D:5 |       0 |     991 |   0.0 |       0 |      21 |   0.0 |  1371
           D:6 |       0 |     286 |   0.0 |       0 |       8 |   0.0 |   688
           D:7 |       0 |    1404 |   0.0 |       0 |      19 |   0.0 |  1154
           D:8 |       0 |     679 |   0.0 |       0 |      18 |   0.0 |    69
               +---------+---------+-------+---------+---------+-------+---------
